 Dungeon Crawl Stone Soup version 0.31-a0-259-g771a54ca4b (webtiles) character file.

Game seed: 18130867501392833829

105 qw the Shooter (level 4, -1/36 HPs)
             Began as a Minotaur Hexslinger on July 13, 2023.
             Slain by a gnoll
             ... wielding a +0 whip
              (6 damage)
             ... on level 3 of the Dungeon.
             The game lasted 00:00:42 (1507 turns).

qw the Shooter (Minotaur Hexslinger)                Turns: 1507, Time: 00:00:43

Health: -1/36      AC:  9    Str: 12    XL:     4   Next: 53%
Magic:  4/4        EV: 11    Int: 10    God:
Gold:   113        SH:  0    Dex: 15    Spells: 4/5 levels left

rFire   . . .        Y - +1 sling
rCold   . . .        (no shield)
rNeg    . . .        d - +0 ring mail
rPois   .            (helmet restricted)
rElec   .            (no cloak)
rCorr   .            c - +0 pair of gloves
SInv    .            g - +2 pair of boots
Will    .....        (no amulet)
Stlth   +            (no ring)
HPRegen 0.26/turn    (no ring)
MPRegen 0.09/turn

%: no passive effects
@: no status effects
A: horns 2, retaliatory headbutt
a: no special abilities


You were on level 3 of the Dungeon.
You visited 1 branch of the dungeon, and saw 3 of its levels.

You collected 113 gold pieces.


Innate Abilities, Weirdness & Mutations

You have a pair of horns on your head.
You reflexively headbutt those who attack you in melee.


   Skills:
 - Level 2.0 Fighting
 + Level 4.9 Ranged Weapons
 - Level 1.0 Armour
 - Level 2.1 Dodging
 - Level 1.0 Spellcasting
 - Level 2.0 Hexes


You had 4 spell levels left.
You knew the following spells:

 Your Spells              Type           Power      Damage    Failure   Level
a - Slow                  Hex            16%        N/A       34%         1

Your spell library contained the following spells:

 Spells                   Type           Power      Damage    Failure   Level
 Inner Flame              Hex/Fire       2%         N/A       83%         3
 Portal Projectile        Hex/Tloc       4%         N/A       83%         3
 Cause Fear               Hex            2%         N/A       98%         4

Inventory:

Hand Weapons
 Y - a +1 sling (weapon)
Armour
 c - a +0 pair of gloves (worn)
 d - a +0 ring mail (worn)
 g - a +2 pair of boots (worn)
Wands
 b - a wand of digging (8)
Scrolls
 h - a scroll of identify {unknown}
Potions
 a - 2 potions of degeneration {unknown}
 e - 2 potions of curing
 f - a potion of haste {unknown}
 i - a potion of might {unknown}

Dungeon Overview and Level Annotations

Branches:
Dungeon (3/15)

Altars:
Fedhas


Message History

You shoot a sling bullet.
The sling bullet barely misses the gnoll.
The gnoll hits you with a +0 whip. The gnoll barely misses you.
You shoot a sling bullet.
The sling bullet closely misses the gnoll.
The gnoll hits you but does no damage. The gnoll hits you with a +0 whip.
The gnoll hits you but does no damage. The gnoll hits you with a +0 whip.
You shoot a sling bullet. The sling bullet hits the gnoll.
The gnoll is severely wounded.
A giant cockroach comes into view.
The gnoll closely misses you. You furiously retaliate!
You headbutt the gnoll!
You kill the gnoll!
The gnoll closely misses you.
You shoot a sling bullet.
The sling bullet barely misses the gnoll.
The sling bullet barely misses the worm.
The gnoll hits you with a +0 whip.
You shoot a sling bullet. The sling bullet hits the gnoll.
The gnoll is severely wounded.
The gnoll closely misses you. You furiously retaliate!
You headbutt the gnoll, but do no damage.
You shoot a sling bullet.
The sling bullet barely misses the gnoll.
The sling bullet hits the worm but does no damage.
The gnoll hits you with a +0 whip. The giant cockroach barely misses you.
The gnoll hits you with a +0 whip.
The giant cockroach bites you but does no damage.
You shoot a sling bullet.
The sling bullet completely misses the gnoll.
The sling bullet hits the worm.
The worm is moderately wounded.
The giant cockroach waves its antennae.
The giant cockroach completely misses you.
The gnoll hits you with a +0 whip.
You shoot a sling bullet.
The sling bullet barely misses the gnoll.
The sling bullet hits the worm.
The worm is moderately wounded.
The giant cockroach closely misses you. The gnoll hits you with a +0 whip.
You die...

### # #.. .#. # #.# ...
# #.# #.# # #.# #.# #
#.# #.# # #.# #w# #
#.####g# # #....B@# #
#..##### # #..#
######### ###### #..#
#.......###..... #..#
#...(........###
#..#####............###
#........<...........<.
##.#####............###
#.# #............###


You could see a worm, a gnoll and a giant cockroach.

Vanquished Creatures
  4 gnolls
  An adder (D:2)
  4 worms (D:2)
  6 endoplasms
  4 giant cockroaches
  5 goblins
  4 hobgoblins
  5 ball pythons
  3 bats
  2 frilled lizards
  4 kobolds
  5 rats
47 creatures vanquished.

Notes
Turn   | Place    | Note
-------+----------+-------------------------------------------
     0 | D:1      | qw the Minotaur Hexslinger began the quest for the Orb.
     0 | D:1      | Reached XP level 1. HP: 16/16 MP: 1/1
     0 | D:1      | 0 ||| qw: Version: 0.3-a-52-g30416fa
     0 | D:1      | 0 ||| qw: Game counter: 6869
     0 | D:1      | 0 ||| qw: Melee chars always use a shield: true
     0 | D:1      | 0 ||| qw: God list: Okawaru
     0 | D:1      | 0 ||| qw: Allow faded altars: false
     0 | D:1      | 0 ||| qw: Do Orc after clearing Dungeon:15 true
     0 | D:1      | 0 ||| qw: Do second Lair branch before Depths: true
     0 | D:1      | 0 ||| qw: Lair rune preference: random
     0 | D:1      | 0 ||| qw: Goals: Normal
     0 | D:1      | 0 ||| PLANNING D:1-11
    63 | D:1      | Reached skill level 3 in Ranged Weapons
    63 | D:1      | Reached XP level 2. HP: 20/23 MP: 2/2
   512 | D:1      | 512 ||| UPGRADING to +0 ring mail.
   522 | D:1      | 522 ||| DROPPING +0 robe.
   523 | D:1      | 523 ||| UPGRADING to +2 pair of boots.
   528 | D:1      | 528 ||| READING scroll labelled JAGUIL XEILYNK.
   532 | D:1      | 532 ||| READING scroll labelled FADIYFA VUASI.
   533 | D:1      | 533 ||| DROPPING scroll of poison.
   579 | D:2      | Reached XP level 3. HP: 29/29 MP: 3/3
   664 | D:2      | Found a blossoming altar of Fedhas.
   725 | D:2      | Found a faded altar of an unknown god.
   841 | D:2      | Reached skill level 4 in Ranged Weapons
  1051 | D:2      | Reached skill level 1 in Armour
  1243 | D:2      | 1243 ||| UPGRADING to +0 pair of gloves.
  1248 | D:2      | 1248 ||| READING scroll labelled EWUILE ZOHAST.
  1249 | D:2      | 1249 ||| READING scroll labelled BIMYLUNK ISTRU.
  1250 | D:2      | 1250 ||| DRINKING 3 silvery potions.
  1322 | D:3      | Reached XP level 4. HP: 36/36 MP: 4/4
  1505 | D:3      | HP: 7/36 [gnoll/+0 whip (4)]
  1507 | D:3      | Slain by a gnoll

Levels and vault maps discovered:
D:1:      kennysheep_arrival_forest, layout_rooms
D:2:      layout_rooms, basic_altar, shapermc_ecumenical_altar_starsandcircs,
          nicolae_wormholes
D:3:      layout_loops_ring, general_overflow_altar

Skill      XL: |  1  2  3 |
---------------+----------+-----
Ranged Weapons | 3 4 |  4.9
Fighting       | 2 |  2.0
Armour         | 1 |  1.0
Dodging        | |  2.1
Spellcasting   | |  1.0
Hexes          | |  2.0

Action                     |  1- 3 |  4- 6 || total
---------------------------+-------+-------++-------
   Fire: Sling             |   134 |    41 ||   175
    Use: Scroll            |     4 |       ||     4
         Potion            |     1 |       ||     1
 Armour: Robe              |     3 |       ||     3
         Ring mail         |     8 |     9 ||    17
  Dodge: Dodged            |    28 |    21 ||    49

Table legend:
 A = Non-vault XP
 B = Vault XP
 C = Vault XP percentage of total XP
 D = Non-vault monster count
 E = Vault monster count
 F = Vault count percentage of total count
                 A         B        C        D         E       F
            +---------+---------+-------+---------+---------+-------
      Total |     140 |      10 |   6.7 |      45 |       2 |   4.3
            +---------+---------+-------+---------+---------+-------
        D:1 |      39 |       0 |   0.0 |      16 |       0 |   0.0
        D:2 |      44 |      10 |  18.5 |      17 |       2 |  10.5
        D:3 |      57 |       0 |   0.0 |      12 |       0 |   0.0
            +---------+---------+-------+---------+---------+-------
